AoeStats
← _STICH_32

Arabian Desert

510520543Analyzed
1v1 RM · 14h ago on Oct 1, 2026· 77m 8s· 2 players
Game mode
Random Map
Map size
Tiny (2 player)
Population
200
Speed
Normal
Resources
Standard
Victory
Conquest
Starting age
Dark Age
Ending age
Imperial Age
RankedLock teamsTeams togetherTeam positionsShared explorationLock speedFull tech treeHidden civsTurbo modeCheats
Victory
Defeat
🇰🇿 Britons · Kazakhstan
683
+16
🇦🇷 Bulgarians · Argentina
688
-16
_STICH_32
11:02 Feudal Age
12:04 Loom
16:30 Castle Age
15:15 Horse Collar
27:45 Crossbowman
29:42 Gold Mining
32:07 Elite Skirmisher
37:28 Imperial Age
37:01 Wheelbarrow
39:04 Conscription
41:17 Chemistry
40:38 Ballistics
40:13 Double-Bit Axe
40:45 Cranequins
43:06 Guilds
45:32 Warwolf
45:44 Pikeman
46:10 Gambesons
46:42 Arrowslits
46:50 Fletching
47:01 Padded Archer Armor
47:02 Scale Mail Armor
47:13 Forging
47:42 Gold Shaft Mining
48:25 Yeomen
47:32 Elite Longbowman
48:45 Stone Mining
48:37 Halberdier
49:18 Squires
49:44 Bow Saw
50:52 Bodkin Arrow
51:13 Leather Archer Armor
51:13 Chain Mail Armor
51:33 Iron Casting
53:22 Town Watch
54:05 Bracer
54:35 Ring Archer Armor
54:36 Plate Mail Armor
54:17 Heavy Plow
56:21 Hand Cart
56:08 Town Patrol
57:21 Murder Holes
57:32 Siege Engineers
67:37 Two-Man Saw
WallieMarruecos
0:29 Loom
11:36 Feudal Age
19:44 Scale Mail Armor
22:59 Castle Age
22:43 Wheelbarrow
22:02 Double-Bit Axe
24:22 Wheelbarrow
23:42 Gold Mining
24:24 Padded Archer Armor
24:47 Horse Collar
26:23 Town Watch
26:41 Heavy Plow
29:03 Gambesons
29:22 Stone Mining
30:55 Elite Skirmisher
31:57 Hand Cart
32:10 Bow Saw
42:31 Gold Shaft Mining
42:39 Forging
42:20 Fletching
43:25 Town Patrol
44:44 Scale Barding Armor
49:48 Imperial Age
49:48 Leather Archer Armor
49:54 Chain Barding Armor
50:10 Iron Casting
49:56 Elite Konnik
52:12 Parthian Tactics
54:55 Heated Shot
55:17 Masonry
58:44 Ballistics
59:28 Chemistry
62:17 Plate Barding Armor
64:14 Heavy Scorpion
75:48 Husbandry
Connection lost

Rejoining the realm…

Still unreachable

The connection could not be restored.

Session expired

The server has moved on; the page needs a fresh start.